 Dungeon Crawl Stone Soup version 0.23.0-42-geed6394 (webtiles) character file.

Game seed: 0

190099 Lavandula the Peltast (level 18, -9/102 HPs)
             Began as a Vine Stalker Fighter on Feb 28, 2019.
             Was an Initiate of Gozag.
             Killed from afar by Jory (51 damage)
             ... with a crystal spear
             ... on level 4 of the Depths.
             The game lasted 01:30:43 (20546 turns).

Lavandula the Peltast (Vine Stalker Fighter)       Turns: 20546, Time: 01:30:48

Health: -9/102     AC: 22    Str: 26    XL:     18   Next: 60%
Magic:  0/32       EV: 20    Int: 14    God:    Gozag
Gold:   443        SH: 16    Dex: 15    Spells: 15/17 levels left

rFire    . . .     SeeInvis +   N - +9 scimitar (flame)
rCold    + + .     Gourm    .   c - +0 shield {AC+3}
rNeg     + . .     Faith    .   Q - +5 scale mail of Kindness {MR++ MP+9 Int+4 Stlth-}
rPois    .         Spirit   +   G - +2 hat
rElec    +         Reflect  +   T - +1 cloak of the Merchant {+Inv rC+ MR+ SInv}
rCorr    .         Harm     .   K - +1 pair of gloves {archery}
MR       +++++                  v - +0 pair of boots
Stlth    ..........             w - +2 amulet of reflection
HPRegen  1.07/turn              e - +3 ring of evasion
MPRegen  0.23/turn              h - ring of the Two Names {rElec rC+ rN+ Str-3}

@: mighty, gold aura, very slightly contaminated, hasted, lightly drained,
invisible, very quick
A: fangs 3, horns 1, regeneration 2, magic shield, antimagic bite, no potion
heal 3, rot immunity
a: Potion Petition, Call Merchant, Bribe Branch, Renounce Religion


You were on level 4 of the Depths.
You worshipped Gozag.
Gozag was aware of your devotion.
You were not hungry.

You visited 3 branches of the dungeon, and saw 21 of its levels.
You also visited: Ossuary and Ice Cave.

You collected 7343 gold pieces.
You spent 2013 gold pieces at shops.
You paid 4887 gold pieces to Gozag.

Inventory:

Hand Weapons
 N - a +9 scimitar of flaming (weapon)
Missiles
 a - 11 javelins of returning (quivered)
Armour
 c - a +0 shield of protection (worn)
 i - the +1 cloak of Starlight {rElec rC+ EV+4 Stlth--}
   (You bought it in a shop on level 6 of the Dungeon)

   It affects your evasion (+4).
   It protects you from cold.
   It insulates you from electricity.
   It makes you much less stealthy.
 v - a +0 pair of boots (worn)
 E - a +0 buckler
 F - the +3 leather armour "Pephovou" {*Slow rC++ SInv}
   (You found it on level 5 of the Dungeon)

   It greatly protects you from cold.
   It lets you see invisible.
   It may slow you when you take damage.
 G - a +2 hat (worn)
 K - a +1 pair of gloves of archery (worn)
 Q - the +5 scale mail of Kindness (worn) {MR++ MP+9 Int+4 Stlth-}
   (You found it on level 1 of the Depths)

   It affects your intelligence (+4).
   It affects your resistance to hostile enchantments.
   It affects your magic capacity (+9).
   It makes you less stealthy.
 R - a +0 troll leather armour
 T - the +1 cloak of the Merchant (worn) {+Inv rC+ MR+ SInv}
   (You found it on level 1 of the Depths)

   It protects you from cold.
   It affects your resistance to hostile enchantments.
   It lets you see invisible.
   It lets you turn invisible.
Jewellery
 e - a +3 ring of evasion (left hand)
 h - the ring of the Two Names (right hand) {rElec rC+ rN+ Str-3}
   (You found it in an ice cave)

   [ring of protection from cold]

   It affects your strength (-3).
   It protects you from cold.
   It insulates you from electricity.
   It protects you from negative energy.
 n - an uncursed ring of positive energy
 o - an uncursed amulet of regeneration
 r - an uncursed ring of protection from fire
 w - a +2 amulet of reflection (around neck)
 U - the ring "Oqoaj" {rPois rC+ Int+3 Dex-2}
   (You bought it in a shop on level 1 of the Depths)

   [ring of intelligence]

   It affects your intelligence (+3).
   It affects your dexterity (-2).
   It protects you from cold.
   It protects you from poison.
Wands
 l - a wand of scattershot (4)
 y - a wand of random effects (15)
 D - a wand of clouds (13)
 H - a wand of digging (15)
 L - a wand of disintegration (20)
 O - a wand of acid (1)
 S - a wand of iceblast (7)
 V - a wand of enslavement (16)
 Z - a wand of paralysis (21)
Scrolls
 b - a scroll of teleportation
 p - 2 scrolls of amnesia
 q - 3 scrolls of remove curse
 u - 2 scrolls of fear
 W - 3 scrolls of fog
 X - a scroll of enchant weapon
 Y - 2 scrolls of silence
Potions
 d - 6 potions of might
 g - 6 potions of lignification
 k - 5 potions of flight
 m - a potion of magic
 s - 3 potions of haste
 z - 6 potions of mutation
 A - a potion of invisibility
 B - 6 potions of curing
 C - a potion of agility
 I - 3 potions of ambrosia
 J - 5 potions of brilliance {unknown}
 M - 2 potions of degeneration {unknown}
Miscellaneous
 x - a phial of floods (inert)
Comestibles
 f - 21 rations


   Skills:
 - Level 14.3(13.7) Fighting
 - Level 14.0(13.3) Long Blades
 - Level 6.8(6.2) Throwing
 - Level 5.1(4.6) Armour
 - Level 12.0(11.4) Dodging
 + Level 1.2(0.8) Stealth
 - Level 15.0(14.3) Shields
 - Level 7.0(6.4) Translocations
 - Level 5.4(4.9) Evocations


You had 15 spell levels left.
You knew the following spells:

 Your Spells              Type           Power        Failure   Level  Hunger
a - Blink                 Tloc           N/A          8%          2    ###....

Your spell library contained the following spells:

 Spells                   Type           Power        Failure   Level  Hunger
 Gell's Gravitas          Tloc           ###.......   16%         3    ####...
 Portal Projectile        Hex/Tloc       #.....       50%         3    ####...
 Confusing Touch          Hex            #.....       56%         1    ##.....
 Corona                   Hex            #......      56%         1    ##.....
 Magic Dart               Conj           #...         56%         1    ##.....
 Call Imp                 Summ           #.......     71%         2    ###....
 Slow                     Hex            #.......     71%         2    ###....
 Confuse                  Hex            #.......     91%         3    ####...
 Conjure Flame            Conj/Fire      #.......     91%         3    ####...
 Inner Flame              Hex/Fire       #.......     91%         3    ####...
 Mephitic Cloud           Conj/Pois/Air  #.......     91%         3    ####...
 Cause Fear               Hex            #.........   100%        4    #####..
 Leda's Liquefaction      Hex/Erth       #.........   100%        4    #####..
 Petrify                  Tmut/Erth      #.......     100%        4    #####..
 Metabolic Englaciation   Hex/Ice        #.........   100%        5    ######.
 Yara's Violent Unravell  Hex/Tmut       #.........   100%        5    ######.


Dungeon Overview and Level Annotations

Branches:
Dungeon (15/15)            Temple (1/1) D:6            Lair (0/6) D:10
    Orc (0/2) D:10         Vaults (0/5) D:14         Depths (5/5) D:15
    Zot: Depths:5

Altars:
Ashenzari
Cheibriados
Dithmenos
Elyvilon
Fedhas
Gozag
Hepliaklqana
Kikubaaqudgha
Makhleb
Nemelex Xobeh
Okawaru
Qazlal
Ru
Sif Muna
Trog
Uskayaw
Vehumet
Wu Jian
Xom
Yredelemnul
Zin
The Shining One
Lugonu

Shops:
D:6 *   D:10 ?   D:12 %   D:13 (   Depths:1 =   Depths:5 *

Portals:
Hell: Depths:1 Depths:2 Depths:3
Abyss: Depths:3
Pandemonium: Depths:3
Ziggurat: Depths:2

Annotations:
D:5 1 runed translucent door, Uhlv's ghost, novice FoFi
D:6 3 runed translucent doors, grocchini's ghost, novice VSAs
D:9 2 runed translucent doors, exclusion: orange crystal statue
D:10 exclusion: 2 downstairs
D:14 exclusion: downstairs
Depths:4 Jory


Innate Abilities, Weirdness & Mutations

You have razor-sharp teeth.
You heal very quickly.
When hurt, damage is shared between your health and your magic reserves.
Your bite disrupts and absorbs the magic of your enemies.
Potions cannot restore your health.
You are immune to rotting.
You have a pair of small horns on your head.


Message History

You are too injured to fight recklessly!
You are too injured to fight recklessly!
You hit the vampire mage. You burn the vampire mage.
Your headbutt misses the vampire mage.
The vampire mage is severely damaged.
The vampire mage is infused with unholy energy.
The vampire mage draws life force from you and is healed!
You barely miss the vampire mage. You headbutt the vampire mage!
You bite the vampire mage!
You destroy the vampire mage!
Your base Stealth skill increases to level 1!
You hit Jory but do no damage. Your bite misses Jory.
Jory is severely damaged.
You closely miss Jory. You headbutt Jory.
Jory is severely damaged.
Jory points at you and mumbles some strange words.
The crystal spear hits you!!!
Ouch! That really hurt!
You die...
Your body crumbles into a pile of gold.

..$+ ....# ..G ..b...+. ...#
....##D #. ...# ....'#
########. .... ....##
#........ .... ....##
##.....[. .... .(..## ##......
.... #....# ##..... G...
##V...### ##.... ....
##.#@..#.## ##... C....
##..#...#..## $ ##... +#V...
##...#.).#...##$ ##.... $...
##...V#...#....####.....
#....##.....#..$#.....##....#.
#.........V##.##..........##.
#?(.$....V##$##.........###.
##....).§≈≈≈...........#....
######.####≈######...##.#..


You could see Jory.

Vanquished Creatures
  Boris (Depths:2)
  Saint Roka (Depths:1)
  A caustic shrike (Depths:4)
  A golden dragon (Depths:1)
  Jorgrun (D:13)
  A tentacled monstrosity (Depths:4)
  3 liches
  Rupert (D:14)
  A titan (Depths:4)
  Gastronok (D:8)
  A revenant (Depths:2)
  4 frost giants
  A balrug (Depths:2)
  2 fire giants
  2 very ugly things (Depths:1)
  2 juggernaut zombies (Depths:2)
  A spriggan defender (Depths:3)
  A juggernaut skeleton (Depths:3)
  3 stone giants
  A caustic shrike skeleton (Depths:2)
  A deep elf annihilator (Depths:4)
  5 vampire knights
  2 purple draconians (Depths:5)
  A yellow draconian (Depths:5)
  A dire elephant (D:15)
  A spark wasp (Depths:4)
  A white draconian (Depths:5)
  Snorg (D:12)
  5 ettins
  A deep elf death mage (Depths:4)
  4 jiangshi
  3 yaktaur captains
  4 fire dragons
  5 rakshasas
  Fannar (D:11)
  6 ice dragons
  6 great orbs of eyes
  2 hydras
  A spriggan air mage (Depths:4)
  A catoblepas (D:13)
  A hell beast (Depths:3)
  14 two-headed ogres
  A death knight (D:11)
  9 centaur warriors
  5 ogre magi
  6 deep troll shamans
  9 tengu warriors
  2 vampire magi
  Erica (D:7)
  5 deep troll earth magi
  A titan zombie (Depths:4)
  Urug (D:12)
  2 spriggans (Depths:3)
  A soul eater (Depths:3)
  2 death yaks (IceCv)
  A spark wasp zombie (Depths:2)
  An unseen horror (D:14)
  21 deep trolls
  2 golden dragon zombies
  A torturous demonspawn (Depths:3)
  7 iron trolls
  A storm dragon skeleton (Depths:2)
  4 flayed ghosts (Depths:2)
  2 golden dragon skeletons
  A wizard (D:15)
  4 necromancers
  2 phantasmal warriors
  A sphinx zombie (Depths:3)
  A wolf spider (D:15)
  12 ugly things
  A wolf spider (shapeshifter) (Depths:1)
  2 frost giant zombies
  2 cyclopes
  3 deep elf magi
  A fire giant zombie (Depths:2)
  A shadow dragon skeleton (Depths:2)
  A salamander (D:15)
  4 manticores
  A frost giant skeleton (Depths:2)
  A stone giant skeleton (Depths:2)
  Psyche (D:11)
  An ice statue (IceCv)
  A rust devil (Depths:3)
  A fire giant skeleton (Depths:3)
  2 spriggan zombies (Depths:2)
  A storm dragon simulacrum (Depths:2)
  A gargoyle (D:12)
  5 spectral swamp worms (Depths:3)
  2 tengu conjurers
  A komodo dragon (D:14)
  11 yaktaurs
  A rime drake (IceCv)
  4 red devils (Depths:2)
  A hellwing (Depths:2)
  A meliai (shapeshifter) (Depths:1)
  3 hornets
  16 polar bears
  3 trolls
  A tengu simulacrum (Depths:3)
  7 slime creatures
  6 hippogriffs
  4 flying skulls (Depths:2)
  2 spriggan skeletons (Depths:2)
  3 vampires
  A shadow (D:14)
  An ettin skeleton (Depths:2)
  An elf zombie (Depths:2)
  An elf simulacrum (Depths:1)
  A tarantella (shapeshifter) (Depths:2)
  26 yaks
  3 wyverns
  2 water elementals
  4 wraiths
  A fire elemental (Depths:2)
  A steam dragon (D:10)
  A basilisk (D:10)
  A hog (shapeshifter) (D:13)
  2 vampire mosquitoes (D:13)
  A chaos spawn (Depths:3)
  An elf skeleton (Depths:3)
  A hungry ghost (D:10)
  A soldier ant (shapeshifter) (Depths:3)
  2 wargs
  3 hell hounds (Depths:2)
  A floating eye (Depths:4)
  2 ice beasts
  6 sky beasts
  2 black bears
  An eye of draining (D:11)
  10 orc warriors
  15 centaurs
  12 wolves (IceCv)
  4 boggarts (Depths:1)
  3 phantoms
  21 ogres
  3 crocodiles (D:10)
  10 bullfrogs
  4 scorpions
  A water moccasin skeleton (D:8)
  9 killer bees
  10 wights
  2 electric eels (D:11)
  7 howler monkeys
  9 crimson imps
  8 orc priests
  3 centaur zombies
  A quasit (D:7)
  4 centaur skeletons
  5 jellies
  10 hounds
  4 bullfrog skeletons
  A gnoll shaman (D:4)
  15 orc wizards
  5 iguanas
  9 worker ants
  A hound skeleton (D:6)
  A mummy (D:8)
  A howler monkey zombie (D:5)
  16 gnolls
  5 adders
  A hound simulacrum (D:11)
  4 shadow imps
  15 white imps
  5 ufetubi
  An adder skeleton (D:9)
  6 worms
  2 dart slugs (D:2)
  7 leopard geckos
  42 orcs
  A ball python (D:6)
  6 bats
  9 giant cockroaches
  6 goblins
  8 hobgoblins
  17 jackals
  8 quokkas
  5 frilled lizards
  A hobgoblin skeleton (Ossuary)
  2 hobgoblin zombies (Ossuary)
  A jackal skeleton (D:6)
  6 kobolds
  A kobold zombie (Ossuary)
  3 orc skeletons (Ossuary)
  An orc zombie (Ossuary)
  4 rats
737 creatures vanquished.

Vanquished Creatures (collateral kills)
  An ettin skeleton (Depths:2)
1 creature vanquished.

Vanquished Creatures (others)
  A stone giant (Depths:2)
  A merfolk javelineer (Depths:1)
  A yaktaur (Depths:3)
  A centaur (D:10)
  A quokka (D:2)
5 creatures vanquished.

Grand Total: 743 creatures vanquished

Notes
Turn   | Place    | Note
-------+----------+-------------------------------------------
     0 | D:1      | Lavandula the Vine Stalker Fighter began the quest for the
                  | Orb.
     0 | D:1      | Reached XP level 1. HP: 11/11 MP: 2/2
   180 | D:1      | Reached XP level 2. HP: 16/16 MP: 3/3
   622 | D:2      | Found a bloodstained altar of Trog.
   629 | D:2      | Reached XP level 3. HP: 19/19 MP: 4/4
  1087 | D:2      | Found a white marble altar of Elyvilon.
  1107 | D:2      | Gained mutation: Your natural rate of healing is unusually
                  | fast. [Vine Stalker growth]
  1107 | D:2      | Reached XP level 4. HP: 22/23 MP: 5/5
  1411 | D:3      | Found a burning altar of Makhleb.
  1772 | D:3      | Reached XP level 5. HP: 27/27 MP: 6/6
  1775 | D:3      | Noticed an orc warrior
  1901 | D:3      | Killed an orc warrior
  1901 | D:3      | Reached skill level 5 in Long Blades
  1962 | D:3      | Reached XP level 6. HP: 18/32 MP: 5/7
  2167 | D:3      | Found a blossoming altar of Fedhas.
  2711 | D:4      | Found a glowing silver altar of Zin.
  2786 | D:4      | Reached XP level 7. HP: 32/35 MP: 8/8
  3190 | D:5      | Entered Level 5 of the Dungeon
  3237 | D:5      | Found a deep blue altar of Sif Muna.
  3349 | D:5      | Found a deep blue altar of Sif Muna.
  3697 | D:5      | Got a brightly glowing leather armour
  3715 | D:5      | Identified the +3 leather armour "Pephovou" {*Slow rC++
                  | SInv} (You found it on level 5 of the Dungeon)
  3734 | D:5      | Found a runed translucent door.
  3735 | D:5      | Noticed Uhlv's ghost (novice FoFi)
  3988 | D:5      | Gained mutation: You have razor-sharp teeth. [Vine Stalker
                  | growth]
  3988 | D:5      | Reached XP level 8. HP: 30/39 MP: 6/9
  4522 | D:6      | Found a staircase to the Ecumenical Temple.
  4531 | Temple   | Entered the Ecumenical Temple
  4754 | D:6      | Noticed a troll
  4755 | D:6      | Noticed grocchini's ghost (novice VSAs)
  4757 | D:6      | Noticed a tengu conjurer
  4761 | D:6      | Found a runed translucent gate.
  4761 | D:6      | Found a runed translucent gate.
  4797 | D:6      | Found a runed translucent gate.
  5397 | D:6      | Found Fawafafa's General Store.
  5502 | D:6      | Reached skill level 10 in Long Blades
  5598 | D:7      | Reached skill level 3 in Shields
  5598 | D:7      | Reached XP level 9. HP: 43/43 MP: 10/10
  5815 | D:7      | Noticed a cyclops
  5959 | D:7      | Reached skill level 4 in Shields
  6429 | D:8      | Noticed Gastronok
  6454 | D:8      | Killed Gastronok
  6454 | D:8      | Reached XP level 10. HP: 53/56 MP: 11/11
  6560 | D:8      | Found a sand-covered staircase.
  6571 | Ossuary  | Entered an ossuary
  7120 | D:8      | Reached skill level 1 in Dodging
  7168 | D:8      | Noticed Erica
  7203 | D:7      | Killed Erica
  7216 | D:7      | Got a shimmering robe
  7227 | D:7      | Identified the +2 robe of Vusy {Int+2} (You found it on
                  | level 7 of the Dungeon)
  7695 | D:9      | Noticed a two-headed ogre
  7700 | D:9      | Killed a two-headed ogre
  7700 | D:9      | Reached skill level 5 in Evocations
  7728 | D:9      | Reached XP level 11. HP: 60/60 MP: 16/16
  7932 | D:9      | Found the +10 large shield of Ignorance {rN+ Int-4}
  7935 | D:9      | Found a runed translucent door.
  8037 | D:9      | Found a runed translucent door.
  8037 | D:9      | Noticed an orange crystal statue
  8239 | D:9      | Found an iron altar of Okawaru.
  8239 | D:9      | Found a snail-covered altar of Cheibriados.
  8240 | D:9      | Found a basalt altar of Yredelemnul.
  8248 | D:9      | Found an opulent altar of Gozag.
  8269 | D:9      | Became a worshipper of Gozag Ym Sagoz the Greedy
  8361 | D:10     | Entered Level 10 of the Dungeon
  8526 | D:10     | Found a staircase to the Orcish Mines.
  8917 | D:10     | Found Hiamech's Magic Scroll Boutique.
  8925 | D:10     | Bought a scroll of blinking for 120 gold pieces
  8925 | D:10     | Bought a scroll of enchant weapon for 120 gold pieces
  8925 | D:10     | Bought a scroll of silence for 120 gold pieces
  8925 | D:10     | Bought 2 scrolls of enchant weapon for 240 gold pieces
  9268 | D:10     | Found a staircase to the Lair.
  9593 | D:11     | Noticed a four-headed hydra
  9702 | D:11     | Noticed Fannar
  9716 | D:11     | Killed Fannar
  9797 | D:11     | Noticed a manticore
  9804 | D:11     | Killed a manticore
  9834 | D:11     | Found a sparkling altar of Nemelex Xobeh.
 10005 | D:11     | Noticed Psyche
 10021 | D:11     | Killed Psyche
 10094 | D:11     | Noticed a death knight
 10106 | D:11     | Killed a death knight
 10106 | D:11     | Gained mutation: You heal very quickly. [Vine Stalker
                  | growth]
 10106 | D:11     | Reached XP level 12. HP: 47/64 MP: 12/17
 10335 | D:11     | Killed a one-headed hydra
 10449 | D:12     | Found Qosmuasm's Food Emporium.
 10678 | D:6      | Bought the +1 cloak of Starlight {rElec rC+ EV+4 Stlth--}
                  | for 623 gold pieces
 10678 | D:6      | Found the +1 cloak of Starlight {rElec rC+ EV+4 Stlth--}
 11043 | D:12     | Noticed Urug
 11054 | D:12     | Killed Urug
 11154 | D:12     | Noticed Snorg
 11166 | D:12     | Killed Snorg
 11166 | D:12     | Reached skill level 5 in Dodging
 11456 | D:13     | Noticed a tengu warrior
 11469 | D:12     | Killed a tengu warrior
 11511 | D:13     | Noticed Jorgrun
 11581 | D:13     | Killed Jorgrun
 11581 | D:13     | Reached XP level 13. HP: 68/68 MP: 18/18
 11688 | D:13     | Found a frozen archway.
 11711 | IceCv    | Entered an ice cave
 12119 | IceCv    | Noticed a frost giant
 12137 | IceCv    | Killed a frost giant
 12137 | IceCv    | Reached skill level 10 in Fighting
 12228 | IceCv    | Got a clouded glass ring
 12230 | IceCv    | Identified the ring of the Two Names {rElec rC+ rN+ Str-3}
                  | (You found it in an ice cave)
 12905 | D:14     | Noticed a rakshasa
 12914 | D:13     | Killed a rakshasa
 12919 | D:14     | Reached XP level 14. HP: 79/79 MP: 19/19
 13262 | D:14     | Found a gate to the Vaults.
 13289 | D:14     | Found a basalt altar of Yredelemnul.
 13290 | D:14     | Noticed Rupert
 13300 | D:14     | Killed Rupert
 13421 | D:14     | Learned a level 2 spell: Blink
 13543 | D:14     | Reached skill level 1 in Translocations
 13718 | D:15     | Entered Level 15 of the Dungeon
 13921 | D:15     | Got a colourful robe
 13932 | D:15     | Identified the cursed +1 robe "Neraanim" {Str+2} (You found
                  | it on level 15 of the Dungeon)
 14340 | D:15     | Found a staircase to the Depths.
 14340 | D:15     | Noticed a dire elephant
 14357 | D:15     | Reached skill level 5 in Translocations
 14374 | D:15     | Killed a dire elephant
 14744 | Depths:1 | Entered Level 1 of the Depths
 14906 | Depths:1 | Found a gateway to Hell.
 14911 | Depths:1 | Reached skill level 1 in Throwing
 15017 | Depths:1 | Reached XP level 15. HP: 59/86 MP: 18/20
 15057 | Depths:1 | Got a twisted cloak
 15068 | Depths:1 | Identified the +1 cloak of the Merchant {+Inv rC+ MR+ SInv}
                  | (You found it on level 1 of the Depths)
 15149 | Depths:1 | Noticed Saint Roka
 15197 | Depths:1 | Killed Saint Roka
 15197 | Depths:1 | Reached skill level 5 in Throwing
 15281 | Depths:1 | Noticed a golden dragon
 15294 | Depths:1 | Got a distressingly furry scale mail
 15345 | Depths:1 | Killed a golden dragon
 15567 | Depths:1 | Bought the ring "Oqoaj" {rPois rC+ Int+3 Dex-2} for 445
                  | gold pieces
 15635 | Depths:1 | Identified the +5 scale mail of Kindness {MR++ MP+9 Int+4
                  | Stlth-} (You found it on level 1 of the Depths)
 15795 | Depths:1 | Gained mutation: You have a pair of small horns on your
                  | head. [a shining eye]
 16115 | Depths:1 | Reached skill level 5 in Armour
 16215 | Depths:1 | Reached XP level 16. HP: 52/93 MP: 21/21
 16262 | Depths:2 | Reached skill level 10 in Dodging
 16366 | Depths:2 | Found a gateway to a ziggurat.
 17038 | Depths:1 | Reached skill level 5 in Shields
 17304 | Depths:2 | Reached skill level 6 in Shields
 17431 | Depths:2 | Reached skill level 7 in Shields
 17555 | Depths:2 | Reached skill level 8 in Shields
 17555 | Depths:2 | Reached XP level 17. HP: 96/98 MP: 22/22
 17613 | Depths:2 | You fall through a shaft for 2 floors!
 17613 | Depths:4 | Noticed a lich
 17614 | Depths:4 | Noticed a tentacled monstrosity
 17635 | Depths:4 | Noticed Jory
 17814 | Depths:1 | Reached skill level 9 in Shields
 18018 | Depths:2 | Noticed Boris
 18069 | Depths:2 | Killed Boris
 18186 | Depths:2 | Reached skill level 10 in Shields
 18661 | Depths:3 | Reached skill level 11 in Shields
 18908 | Depths:3 | Found a one-way gate leading to the halls of Pandemonium.
 19125 | Depths:3 | Reached skill level 12 in Shields
 19323 | Depths:3 | Found a corrupted altar of Lugonu.
 19324 | Depths:3 | Found a one-way gate to the infinite horrors of the Abyss.
 19566 | Depths:4 | Noticed a lich
 19570 | Depths:4 | Noticed a golden dragon
 19574 | Depths:4 | Noticed a caustic shrike
 19581 | Depths:4 | You fall through a shaft!
 19581 | Depths:5 | Entered Level 5 of the Depths
 19583 | Depths:5 | Bought a scroll of teleportation for 90 gold pieces
 19583 | Depths:5 | Bought a scroll labeled OFEYZX EGAILA for 30 gold pieces
 19583 | Depths:5 | Bought a pair of runed gloves for 225 gold pieces
 19694 | Depths:5 | Noticed a lich
 19703 | Depths:5 | Killed a lich
 19703 | Depths:5 | Reached skill level 13 in Shields
 19703 | Depths:5 | Reached XP level 18. HP: 59/102 MP: 23/23
 20128 | Depths:4 | o_o
 20195 | Depths:4 | Killed a lich
 20195 | Depths:4 | Reached skill level 14 in Shields
 20202 | Depths:4 | Killed a tentacled monstrosity
 20298 | Depths:4 | Killed a caustic shrike
 20382 | Depths:4 | Noticed a titan
 20395 | Depths:4 | Paralysed by a floating eye for 2 turns
 20400 | Depths:4 | Killed a lich
 20404 | Depths:4 | Killed a titan
 20540 | Depths:4 | Reached skill level 15 in Shields
 20544 | Depths:4 | Reached skill level 1 in Stealth
 20546 | Depths:4 | Killed from afar by Jory

Skill      XL: |  1  2  3  4  5  6  7  8  9 10 11 12 13 14 15 16 17 18 |
---------------+-------------------------------------------------------+-----
Long Blades    | 2 3 4 5 6 8 10 11 13 14 | 14.0
Shields        | 3 4 8 13 15 | 15.0
Fighting       | 8 11 13 14 | 14.3
Dodging        | 1 8 9 12 | 12.0
Evocations     | 5 |  5.4
Translocations | 7 |  7.0
Throwing       | 3 6 |  6.8
Armour         | 5 |  5.1
Stealth        | 1 |  1.2

Action                   |  1- 3 |  4- 6 |  7- 9 | 10-12 | 13-15 | 16-18 || total
-------------------------+-------+-------+-------+-------+-------+-------++-------
Melee: Long sword        |    97 |   160 |   240 |    32 |       |       ||   529
       Bite              |    27 |    51 |    95 |   168 |   309 |   469 ||  1119
       Falchion          |       |       |       |    70 |       |       ||    70
       Scimitar          |       |       |       |   375 |   657 |   884 ||  1916
       Headbutt          |       |       |       |       |    41 |   298 ||   339
Throw: Stone             |     4 |       |       |       |       |       ||     4
       Javelin           |       |    15 |    57 |    63 |    36 |    47 ||   218
       Throwing net      |       |     1 |     1 |     1 |       |       ||     3
 Cast: Blink             |       |       |       |       |       |     9 ||     9
Invok: Call Merchant     |       |       |       |       |     2 |     1 ||     3
       Potion Petition   |       |       |       |       |       |     6 ||     6
 Abil: Evoke Invisibilit |       |       |       |       |       |     2 ||     2
Evoke: Wand              |       |       |     3 |    24 |     7 |    11 ||    45
       Phantom mirror    |       |       |       |     1 |     1 |       ||     2
       Phial of floods   |       |       |       |       |       |     3 ||     3
  Use: Scroll            |       |     2 |     7 |    16 |    10 |    11 ||    46
       Potion            |       |       |       |     1 |     3 |     3 ||     7
 Stab: Held in net/web   |       |     1 |     2 |       |       |       ||     3
       Distracted        |       |       |     1 |     4 |     6 |     4 ||    15
       Confused          |       |       |     1 |       |     1 |       ||     2
       Sleeping          |       |       |       |     2 |       |       ||     2
       Paralysed         |       |       |       |     3 |       |       ||     3
       Invisible         |       |       |       |       |       |     5 ||     5
  Eat: Chunk             |     1 |     5 |    12 |     3 |       |       ||    21
       Ration            |       |       |       |     4 |     5 |     5 ||    14
Armor: Scale mail        |    30 |    51 |    17 |       |    19 |   219 ||   336
       Leather armour    |       |       |    25 |    84 |    60 |       ||   169
Dodge: Dodged            |    22 |    38 |    67 |   191 |   381 |   539 ||  1238
Block: Shield            |    52 |    71 |    19 |       |       |   235 ||   377
       Buckler           |       |       |    29 |   116 |   143 |   137 ||   425
       Reflection        |       |       |       |    10 |    15 |    17 ||    42
       Rpst.: Long sword |     6 |     6 |    28 |     1 |       |       ||    41
       Falchion          |       |       |       |    12 |       |       ||    12
       Scimitar          |       |       |       |    27 |    81 |    86 ||   194
